 Dungeon Crawl Stone Soup version 0.18-a0-1285-g60d00e1 (webtiles) character file.

88 M4edhros the Sneak (level 4, -4/28 HPs)
             Began as an Octopode Artificer on Feb 8, 2016.
             Slain by Natasha (6 damage)
             ... on level 3 of the Dungeon.
             The game lasted 00:02:18 (2367 turns).

M4edhros the Sneak (Octopode Artificer)             Turns: 2367, Time: 00:02:18

Health: -4/28      AC:  1    Str: 10    XL:     4   Next: 54%
Magic:  6/6        EV: 13    Int: 15    God:    Xom [*.....]
Gold:   53         SH:  0    Dex: 12    Spells: 0 memorised, 3 levels left

rFire  . . .     SeeInvis .     h - +2 hand axe (venom)
rCold  . . .     Gourm    .     (no shield)
rNeg   . . .     Faith    .     (helmet restricted)
rPois  .         Spirit   .     (no amulet)
rElec  .         Dismiss  .     (no ring)
rCorr  .         Reflect  .     (no ring)
SustAt .         Harm     .     (no ring)
MR     .....                    (no ring)
Stlth  ++++......               (no ring)
                                (no ring)
                                (no ring)
                                (no ring)

@: not resistant to hostile enchantments, stealthy
A: almost no armour, amphibious, 8 rings, constrict 8, camouflage 1, gelatinous
body 1
a: Renounce Religion


You were on level 3 of the Dungeon.
You worshipped Xom.
You were a special plaything of Xom.
You were hungry.

You visited 1 branch of the dungeon, and saw 3 of its levels.

You collected 53 gold pieces.

Inventory:

Hand Weapons
 a - a +0 short sword
 h - a +2 hand axe of venom (weapon)
Missiles
 o - 5 javelins (quivered)
Wands
 b - a wand of flame (15/48)
 c - a wand of enslavement (15/24)
 d - a wand of random effects (15/48)
 j - a wand of confusion (33/48)
Scrolls
 e - a scroll of random uselessness {unknown}
 l - a scroll of teleportation {unknown}
 p - a scroll of enchant weapon {unknown}
Potions
 g - a potion of curing {unknown}
 i - a potion of brilliance {unknown}
 m - a potion of flight {unknown}
Comestibles
 f - a bread ration
 k - a slice of pizza
 n - 2 chunks of flesh


   Skills:
 - Level 1.0 Fighting
 - Level 1.0 Short Blades
 * Level 3.2 Dodging
 * Level 4.1 Stealth
 + Level 3.8 Evocations


You had 3 spell levels left.
You didn't know any spells.

Dungeon Overview and Level Annotations

Branches:
Dungeon (3/15)

Altars:
Nemelex Xobeh
Trog
Xom

Annotations:
D:3 Natasha


Innate Abilities, Weirdness & Mutations

You cannot wear most types of armour.
You are amphibious.
You can wear up to eight rings at the same time.
You can use your tentacles to constrict eight enemies at once.
Your skin changes colour to match your surroundings (Stealth).
Your rubbery body absorbs attacks (AC +1).


Message History

You hit the iron imp.
The iron imp is severely wounded.
You barely miss Natasha. You constrict the iron imp.
You kill the iron imp!
Natasha completely misses you.
You completely miss Natasha. You grab Natasha. You constrict Natasha.
Natasha claws you.
You hit Natasha.
Natasha is poisoned.
Natasha is moderately wounded.
You constrict Natasha.
Natasha stares at you and mumbles some strange words.
The magic dart hits you!
You hit Natasha but do no damage.
Natasha looks even sicker.
Natasha is severely wounded.
You constrict Natasha.
Natasha stares at you and mumbles some strange words.
The magic dart hits you!
* * * LOW HITPOINT WARNING * * *
Natasha claws you.
You die...

.# .# ## .# . .#
#.###.###
#.#.....#### '######
#..†........
........#####.@h..#
........#.#.......#
###
.........#...#.....#
..
..⌠......#..§###.###
####.#
.##.##....#.§.## .#
......
.#...#....#§...# .#
######...
⌠..⌠..⌠...§..#.# ..
...#....
.#...#....##.#.# ##
#......
.##.##....##.#..
#.....<


You could see Natasha.

Vanquished Creatures
  Terence (D:3)
  An adder (D:3)
  A worm (D:3)
  3 giant geckos
  2 orcs (D:3)
  8 giant cockroaches
  2 goblins (D:3)
  4 hobgoblins
  3 kobolds
  A quokka (D:2)
  6 bats
  4 giant newts
  10 rats
46 creatures vanquished.

Notes
Turn   | Place    | Note
--------------------------------------------------------------
     0 | D:1      | M4edhros the Octopode Artificer began the quest for the Orb.
     0 | D:1      | Reached XP level 1. HP: 13/13 MP: 3/3
    80 | D:1      | Reached XP level 2. HP: 18/18 MP: 4/4
   608 | D:3      | Reached XP level 3. HP: 12/23 MP: 5/5
   859 | D:3      | Found a shimmering altar of Xom.
   863 | D:3      | Became a worshipper of The Xom-Meister, Xom-Xom-bo-Bom, Banana-Fana-fo-Fom
  1812 | D:1      | XOM: divination: magic mapping
  2128 | D:3      | XOM: smoke on damage
  2214 | D:3      | Found a sparkling altar of Nemelex Xobeh.
  2229 | D:3      | Found a bloodstained altar of Trog.
  2301 | D:3      | Noticed Terence
  2311 | D:3      | Killed Terence
  2311 | D:3      | Reached skill level 4 in Stealth
  2311 | D:3      | Reached XP level 4. HP: 17/28 MP: 6/6
  2324 | D:3      | XOM: silly message
  2351 | D:3      | XOM: colour smoke trail
  2357 | D:3      | Noticed Natasha
  2367 | D:3      | Slain by Natasha

Vault maps used:
D:1:      dpeg_arrival_simpleton_a, st_stairs_6
D:2:      nicolae_overflow_hidden_temple
D:3:      nicolae_overflow_quartered_altars, lemuel_doored_altar,
          kennysheep_generic_room_2, uniq_natasha, uniq_terence

Action                   |  1- 3 |  4- 6 || total
-------------------------+-------+-------++-------
Melee: Short sword       |     5 |       ||     5
       Hand axe          |    67 |    15 ||    82
 Stab: Sleeping          |    10 |     1 ||    11
  Eat: Chunk             |     4 |       ||     4
